 Dungeon Crawl Stone Soup version 0.13.2 (webtiles) character file.

59 uglyjohn the Cudgeler (level 3, -2/24 HPs)
             Began as a Gargoyle Berserker on June 30, 2016.
             Was a Follower of Trog.
             Slain by a kobold
             ... wielding a +4,+2 short sword of speed
              (5 damage)
             ... on Level 1 of the Dungeon.
             The game lasted 00:01:08 (528 turns).

uglyjohn the Cudgeler (Gargoyle Berserker)           Turns: 528, Time: 00:01:08

HP  -2/24        AC  5     Str 21      XL: 3   Next:  2%
MP   2/2         EV 12     Int  7      God: Trog [*.....]
Gold 35          SH  0     Dex  9      Spells:  0 memorised,  2 levels left

Res.Fire  : . . .   See Invis. : .   a - +0 mace
Res.Cold  : . . .   Warding    : .   b - +0 animal skin
Life Prot.: + . .   Conserve   : .   (no shield)
Res.Poison: +       Res.Corr.  : .   (no helmet)
Res.Elec. : +       Clarity    : .   (no cloak)
Sust.Abil.: . .     Spirit.Shd : .   (no gloves)
Res.Mut.  : .       Stasis     : .   (no boots)
Res.Rott. : +       Flight     : .   (no amulet)
Saprovore : . . .                    (no ring)
                                     (no ring)

@: not resistant to hostile enchantments, very unstealthy
A: fangs 1, talons 2, life protection 1, electricity resistance, slow metabolism
1, unbreathing, petrification resistance, AC +3
a: Burn Spellbooks, Berserk, Renounce Religion


You were on level 1 of the Dungeon.
You worshipped Trog.
Trog was aware of your devotion.
You were not hungry.

You visited 1 branch of the dungeon, and saw 1 of its levels.

You collected 15 gold pieces.

Inventory:

Hand weapons
 a - a +0,+0 mace (weapon)
Armour
 b - a +0 animal skin (worn)
 f - a +0 scale mail
Comestibles
 c - a bread ration
 g - a honeycomb
Scrolls
 d - a scroll of fog {unknown}
 e - a scroll of blinking {unknown}
 j - a scroll of enchant weapon I {unknown}
Jewellery
 i - an uncursed amulet of resist corrosion {unknown}
 l - an uncursed amulet of resist corrosion {unknown}
Potions
 h - 2 potions of paralysis {unknown}
 k - 2 potions of heal wounds {unknown}
 m - a potion of agility {unknown}


   Skills:
 - Level 3.2 Fighting
 + Level 4.5 Maces & Flails
 - Level 2.1 Armour
 - Level 1.5 Dodging


You had 2 spell levels left.
You didn't know any spells.

Dungeon Overview and Level Annotations

Branches:
Dungeon (1/27)

Altars:


Innate Abilities, Weirdness & Mutations

You are resistant to torment.
You are immune to poison.
Your stone body is very resilient (AC +3).
You have very sharp teeth.
You have razor-sharp toenails.
You resist negative energy.
You are resistant to electric shocks.
You have a slow metabolism.
You can survive without breathing.
You are immune to petrification.


Message History

You are too injured to fight recklessly!
You are too injured to fight recklessly!
You miss the giant newt. You claw the giant newt.
You kill the giant newt!
Trog accepts your kill.
You hit the kobold but do no damage. The kobold hits you but does no damage.
The kobold hits you but does no damage.
You closely miss the kobold. Your kick misses the kobold.
The kobold hits you but does no damage.
You hit the kobold but do no damage. You bite the kobold, but do no damage.
The kobold hits you but does no damage.
You hit the kobold. Your kick misses the kobold. Your bite misses the kobold.
The kobold is moderately wounded.
The kobold barely misses you.
You hit the kobold but do no damage.
The kobold is moderately wounded.
The kobold hits you with a glowing short sword.
* * * LOW HITPOINT WARNING * * *
The kobold hits you with a glowing short sword.
You die...

..# ### ...>. ..#
.....# #.# . ....#
#.# ... .
....###.# .# ..
.........# .##
.##.####.# #@# ..
..........###K#
####. #.........g#
.....##.!###.....#
####. # #..##.#
####.# #..##.#
.....## #..####
####.##..###..#
####..........#


You could see a hobgoblin and a kobold.

Vanquished Creatures
  A gnoll (D:1)
  An ooze (D:1)
  3 bats (D:1)
  A hobgoblin (D:1)
  2 giant newts (D:1)
  A goblin (D:1)
  2 kobolds (D:1)
  4 rats (D:1)
15 creatures vanquished.

Notes
Turn   | Place    | Note
--------------------------------------------------------------
     0 | D:1      | uglyjohn, the Gargoyle Berserker, began the quest for the Orb.
     0 | D:1      | Reached XP level 1. HP: 14/14 MP: 0/0
    52 | D:1      | Reached skill level 4 in Maces & Flails
    52 | D:1      | Reached XP level 2. HP: 1/19 MP: 1/1
   522 | D:1      | Reached XP level 3. HP: 3/24 MP: 2/2
   528 | D:1      | Slain by a kobold

Action                   || total
-------------------------++-------
Melee: Mace              ||    43
Invok: Berserk           ||     1
